 Dungeon Crawl Stone Soup version 0.29-a0-813-g4a14ea37d6 (webtiles) character file.

Game seed: 16491182886481566339

592 blackman the Charlatan (level 7, 0/46 (52) HPs)
             Began as a Human Delver on July 4, 2022.
             Slain by a wight
             ... wielding a +0 long sword
              (9 damage)
             ... on level 8 of the Dungeon.
             The game lasted 00:08:30 (4140 turns).

blackman the Charlatan (Human Delver)               Turns: 4140, Time: 00:08:31

HP:   0/46 (52)     AC: 10    Str: 14    XL:     7   Next: 66%
MP:   7/7           EV:  4    Int: 10    God:
Gold: 113           SH:  0    Dex: 15    Spells: 6/6 levels left

rFire   . . .      SeeInvis .   a - +0 hand axe
rCold   . . .      Faith    .   (no shield)
rNeg    . . .      Spirit   .   n - +0 plate armour
rPois   .          Reflect  .   (no helmet)
rElec   .          Harm     .   p - scarf {repulsion}
rCorr   .          Rampage  .   (no gloves)
Will    .....                   (no boots)
Stlth   ..........              (no amulet)
HPRegen 0.15/turn               (no ring)
MPRegen 0.10/turn               (no ring)

@: on berserk cooldown, heavily drained, repel missiles
A: no striking features
a: no special abilities


You were on level 8 of the Dungeon.
You visited 2 branches of the dungeon, and saw 5 of its levels.

You collected 113 gold pieces.

Inventory:

Hand Weapons
 a - a +0 hand axe (weapon)
 k - a +0 flail
Armour
 b - a +0 leather armour
 n - a +0 plate armour (worn)
 p - a scarf of repulsion (worn)
Wands
 g - a wand of digging (2)
Scrolls
 c - 3 scrolls of fog
 d - a scroll of magic mapping
Potions
 i - a potion of curing
 l - a potion of flight {unknown}


   Skills:
 - Level 3.0 Fighting
 - Level 3.0 Axes
 - Level 2.0 Dodging
 - Level 5.0 Stealth
 * Level 7.2 Evocations


You had 6 spell levels left.
You didn't know any spells.
Your spell library was empty.

Dungeon Overview and Level Annotations

Branches:
Dungeon (8/15)             Temple (1/1) D:7
   Lair: D:8-11

Altars:
Ashenzari
Cheibriados
Dithmenos
Elyvilon
Fedhas
Hepliaklqana
Kikubaaqudgha
Makhleb
Nemelex Xobeh
Okawaru
Qazlal
Ru
Sif Muna
Uskayaw
Vehumet
Wu Jian
Xom
Yredelemnul
Zin
The Shining One

Shops:
D:5 *


Message History

You hit the wight but do no damage.
The wight is lightly damaged.
You closely miss the basilisk. You barely miss the wight.
The wight is lightly damaged.
You hit the basilisk.
Your surroundings suddenly seem different. 3 wights come into view.
Unknown command.
Unknown command.
You are too berserk!
Unknown command.
You are too berserk!
You are too berserk!
Unknown command.
Unknown command.
A wight comes into view. It is wielding a +0 battleaxe.
What are your orders? t - Shout!
Anything else - Cancel.
Okay, then.
Unknown command.
Unknown command.
You feel a strong urge to attack something.
You feel your anger nearly subside.
You are no longer berserk.
You are exhausted.
You feel yourself slow down.
Unknown command.
It was a potion of cancellation.
Your magical effects are unravelling.
You feel magically purged.
You feel yourself speed up.
Unknown command.
Found a dagger.
The wight hits you with a +0 long sword.
The wight attacks as you move away!
The wight hits you with a +0 long sword!
* * * LOW HITPOINT WARNING * * *
The wight attacks as you move away!
The wight hits you with a +0 long sword!
You die...

# ######
##..... ##
##.z##.. ..
####..####. #.
#....## #.
#.########z...#
##
#.)@z.z......##
#
##...##......#
# ########..#.#
. #....# .
#....# ##...#
##..# ####


You could see 3 wights.

Vanquished Creatures
  Grinder (D:6)
  A wyvern (D:8)
  A phantom (D:6)
  A bullfrog (D:7)
  A jelly (D:6)
  A hound (D:5)
  4 adders
  A gnoll (D:6)
  2 orcs (D:5)
13 creatures vanquished.

Notes
Turn   | Place    | Note
-------+----------+-------------------------------------------
     0 | D:5      | blackman the Human Delver began the quest for the Orb.
     0 | D:5      | Reached XP level 1. HP: 18/18 MP: 1/1
    22 | D:5      | Noticed a howler monkey
    71 | D:5      | Noticed a jelly
   121 | D:6      | Noticed a wight
   149 | D:6      | Noticed a wight
   174 | D:6      | Noticed a jelly
   358 | D:6      | Noticed a jelly
   387 | D:5      | Noticed an ice beast
   438 | D:5      | Found Exuxzoech's General Store.
   448 | D:5      | Reached XP level 2. HP: 22/24 MP: 2/2
   582 | D:6      | Noticed a necrophage
   610 | D:6      | HP: 1/24 [poisoned by an adder]
   611 | D:6      | Reached skill level 1 in Evocations
   611 | D:6      | Reached XP level 3. HP: 2/29 MP: 3/3
  1125 | D:6      | Reached skill level 2 in Evocations
  1140 | D:6      | Noticed a phantom
  1144 | D:6      | Killed a phantom
  1145 | D:6      | Reached skill level 3 in Evocations
  1145 | D:6      | Reached XP level 4. HP: 5/35 MP: 4/4
  1145 | D:6      | Reached XP level 5. HP: 6/41 MP: 5/5
  2048 | D:5      | Reached skill level 4 in Evocations
  2710 | D:6      | Noticed Grinder
  2733 | D:6      | Killed Grinder
  2734 | D:6      | Reached skill level 6 in Evocations
  2734 | D:6      | Reached XP level 6. HP: 29/47 MP: 6/6
  2734 | D:6      | Reached XP level 7. HP: 32/52 MP: 7/7
  3283 | D:7      | Found a staircase to the Ecumenical Temple.
  3303 | Temple   | Entered the Ecumenical Temple
  3539 | D:7      | Noticed a water moccasin
  3626 | D:8      | Noticed a wyvern
  3630 | D:8      | Killed a wyvern
  3631 | D:8      | Reached skill level 7 in Evocations
  4047 | D:8      | Noticed a basilisk
  4109 | D:7      | Noticed a water moccasin
  4140 | D:8      | Slain by a wight

Illustrated notes

Levels and vault maps discovered:
D:5:      layout_loops_cross, serial_shops, shop
D:6:      layout_loops_ring, nicolae_ossuary_entry_monument,
          cheibrodos_sewer_entry_bend, uniq_grinder
D:7:      layout_basic, minmay_temple_entry_fiery, uniq_maggie
D:8:      layout_layer_cave, erik_lair_dragon
Temple:   nicolae_temple_bog_church

Skill      XL: |  1  2  3  4  5  6  7 |
---------------+----------------------+-----
Axes           | 3 |  3.0
Evocations     | 1 3 6 7 |  7.2
Fighting       | |  3.0
Dodging        | |  2.0
Stealth        | |  5.0

Action                   |  1- 3 |  4- 6 |  7- 9 || total
-------------------------+-------+-------+-------++-------
Melee: Hand axe          |    31 |    33 |    14 ||    78
Evoke: Wand              |     3 |     5 |     2 ||    10
  Use: Potion            |     2 |       |     2 ||     4
       Scroll            |       |       |     3 ||     3
 Stab: Sleeping          |     1 |       |       ||     1
Armor: Leather armour    |     7 |     9 |       ||    16
       Plate armour      |       |       |     4 ||     4
Dodge: Dodged            |    22 |    26 |    11 ||    59

Table legend: (Time is in decaauts)
 A = Elapsed time spent in this place.
 B = Non-inter-level travel time spent in this place.
 C = Inter-level travel time spent in this place.
 D = Time resting spent in this place.
 E = Time spent auto-exploring this place.
 F = Levels seen in this place.
 G = Mean time per level.
                   A        B        C        D        E       F      G
               +--------+--------+--------+--------+--------+-----+--------+
         Total |   4143 |   4016 |    127 |   2663 |    447 |   5 |  828.6 |
       Dungeon |   3938 |   3834 |    104 |   2663 |    284 |   4 |  984.5 |
        Temple |    204 |    181 |     23 |      0 |    163 |   1 |  204.0 |
               +--------+--------+--------+--------+--------+-----+--------+

Top non-repeatable levels by time:
     D:5: 2082 daAuts
     D:6: 1014 daAuts
     D:8: 594 daAuts
     D:7: 247 daAuts
  Temple: 204 daAuts
